 Dungeon Crawl Stone Soup version 0.17-a0-651-g07dd1c5 (webtiles) character file.

88 talyn the Insei (level 4, 0/35 HPs)
             Began as a Draconian Transmuter on Apr 17, 2015.
             Slain by a kobold
             ... wielding a cursed -2 club
              (4 damage)
             ... on level 3 of the Dungeon.
             The game lasted 00:06:25 (1928 turns).

talyn the Insei (Draconian Transmuter)              Turns: 1928, Time: 00:06:25

Health: 0/35       AC:  5    Str: 12    XL:     4   Next: 30%
Magic:  7/7        EV: 12    Int: 11    God:
Gold:   212        SH:  0    Dex: 12    Spells: 2 memorised, 3 levels left

rFire  . . .     SeeInvis .       - Unarmed
rCold  . . .     Clarity  .     (armour unavailable)
rNeg   . . .     SustAb   .     (no shield)
rPois  .         Gourm    .     (helmet restricted)
rElec  .         Spirit   .     (no cloak)
rCorr  .         Warding  .     (no gloves)
rMut   .         Stasis   .     (no boots)
MR     .....                    (no amulet)
Stlth  +.........               (no ring)
                                a - -3 ring of intelligence (curse)

@: lethally poisoned (0 -> -5), very slightly contaminated, not resistant to
hostile enchantments, very unstealthy
A: unfitting armour, cold-blooded, AC +5
a: no special abilities


You were on level 3 of the Dungeon.
You were not hungry.

You visited 1 branch of the dungeon, and saw 3 of its levels.

You collected 212 gold pieces.

Inventory:

Jewellery
 a - a cursed -3 ring of intelligence (left hand)
Scrolls
 e - a scroll of magic mapping {unknown}
 h - a scroll of identify
Potions
 c - a potion of brilliance
Books
 d - a book of Changes

   Spells                             Type                      Level
   a - Beastly Appendage              Transmutation                1
   b - Sticks to Snakes               Transmutation                2
   c - Spider Form                    Transmutation/Poison         3
   d - Ice Form                       Ice/Transmutation            4
   e - Blade Hands                    Transmutation                5
Comestibles
 i - 2 meat rations
 j - 3 bread rations


   Skills:
 - Level 1.1 Fighting
 - Level 1.7 Dodging
 + Level 5.2 Unarmed Combat
 - Level 2.0 Spellcasting
 - Level 2.0 Transmutations


You had 3 spell levels left.
You knew the following spells:

 Your Spells              Type           Power        Failure   Level  Hunger
a - Beastly Appendage     Trmt           #.....       14%         1    ##.....
b - Spider Form           Trmt/Pois      #.........   61%         3    ####...


Dungeon Overview and Level Annotations

Branches:
Dungeon (3/15)

Altars:
Ru
Xom
The Shining One


Innate Abilities, Weirdness & Mutations

Your plain brown scales are hard (AC +5).
Your body does not fit into most forms of armour.
You are cold-blooded and may be slowed by cold attacks.


Message History

Okay, then.
The kobold throws a stone.
The stone closely misses you.
* * * LOW HITPOINT WARNING * * *
You feel sick.
The hobgoblin shouts!
The kobold barely misses you.
Things that are here:
a dagger of venom; a goblin corpse; an adder corpse You completely miss the kobold.
Your headbutt misses the kobold.
A worm comes into view.
You closely miss the kobold.
Your horns disappear.
* * * LOW HITPOINT WARNING * * *
You feel sick. The kobold closely misses you. The adder barely misses you.
An orc comes into view. It is wielding a mace.
You hit the kobold but do no damage.
* * * LOW HITPOINT WARNING * * *
You feel sick. The kobold completely misses you.
You barely miss the kobold. The kobold hits you with a club.
You die...

#.# #.#..#..#####.# ..#
#.....#.# #.. ###
#.....#.#####..
#..............
####.....#.######.
#(.......#.# #.
#.####.###.# #. #.# #.#
#.# #. #@# #.# #.# #.
###K####.###.## ##
##.gS§.##.##...##
##.._...≈###...†.###
#.≈_...†o♣#........#
....w♣#♣_.≈≈o.......#.#
..w#.#._♣.≈#.###...##.#
.. ##_≈.≈.≈≈##
##.....### ##(.#..##
#........


You could see a worm, an adder, 2 orcs, a hobgoblin and a kobold.

Vanquished Creatures
  3 adders
  2 worms
  3 giant geckos
  A ball python (D:2)
  6 bats
  5 giant cockroaches
  8 goblins
  2 hobgoblins
  3 jackals (D:1)
  6 kobolds
  4 giant newts
  8 rats
51 creatures vanquished.

Notes
Turn   | Place    | Note
--------------------------------------------------------------
     0 | D:1      | talyn, the Draconian Transmuter, began the quest for the Orb.
     0 | D:1      | Reached XP level 1. HP: 16/16 MP: 3/3
   345 | D:1      | Reached XP level 2. HP: 23/23 MP: 5/5
   712 | D:1      | Reached skill level 4 in Unarmed Combat
   988 | D:2      | Reached XP level 3. HP: 28/28 MP: 6/6
   993 | D:2      | Learned a level 3 spell: Spider Form
  1699 | D:2      | Found a sacrificial altar of Ru.
  1703 | D:2      | Found a glowing golden altar of the Shining One.
  1854 | D:3      | Found a shimmering altar of Xom.
  1863 | D:3      | Found a shimmering altar of Xom.
  1864 | D:3      | Found a shimmering altar of Xom.
  1865 | D:3      | Found a shimmering altar of Xom.
  1865 | D:3      | Found a shimmering altar of Xom.
  1867 | D:3      | Found a shimmering altar of Xom.
  1904 | D:3      | Reached skill level 5 in Unarmed Combat
  1904 | D:3      | Reached XP level 4. HP: 30/35 MP: 7/7
  1928 | D:3      | Slain by a kobold

Action                   |  1- 3 |  4- 6 || total
-------------------------+-------+-------++-------
Melee: Unarmed           |   162 |    18 ||   180
 Cast: Beastly Appendage |     2 |     1 ||     3
  Use: Scroll            |     7 |     1 ||     8
       Potion            |     2 |     1 ||     3
 Stab: Sleeping          |     1 |       ||     1
  Eat: Bread ration      |     1 |       ||     1
